 Dungeon Crawl Stone Soup version 0.31.0-12-g77e489cdc1 (webtiles) character file.

Game seed: 7092048763969390198

762 lonewolfV2 the Chopper (level 8, -24/65 HPs)
             Began as a Formicid Fighter on Feb 15, 2024.
             Annihilated by a two-headed ogre
             ... wielding a +0 giant spiked club
              (25 damage)
             ... on level 5 of the Dungeon.
             The game lasted 00:06:25 (4744 turns).

lonewolfV2 the Chopper (Formicid Fighter)           Turns: 4744, Time: 00:06:26

Health: -24/65     AC: 11    Str: 21    XL:     8   Next: 8%
Magic:  0/8        EV: 10    Int:  8    God:
Gold:   272        SH:  5    Dex: 15    Spells: 7/7 levels left

rFire   . . .        a - +1 war axe
rCold   . . .        c - +0 buckler
rNeg    . . .        d - +2 ring mail {rPois}
rPois   +            (helmet unavailable)
rElec   .            o - +0 cloak
rCorr   .            n - +0 pair of gloves
SInv    +            r - +0 pair of boots
Will    +....        f - amulet of guardian spirit
Stlth   +            t - ring of willpower
HPRegen 0.30/turn    (no ring)
MPRegen 0.11/turn

%: guardian spirit
@: no status effects
A: permanent stasis, dig shafts and tunnels, antennae 3, four strong arms
a: Dig, Shaft Self


You were on level 5 of the Dungeon.
You visited 1 branch of the dungeon, and saw 5 of its levels.

You collected 272 gold pieces.

Inventory:

Hand Weapons
 a - a +1 war axe (weapon)
Armour
 b - a +0 scale mail
 c - a +0 buckler (worn)
 d - a +2 ring mail of poison resistance (worn)
 n - a +0 pair of gloves (worn)
 o - a +0 cloak (worn)
 r - a +0 pair of boots (worn)
Jewellery
 f - an amulet of guardian spirit (around neck)
 t - a ring of willpower (left hand)
Wands
 s - a wand of mindburst (15)
Scrolls
 e - a scroll of identify
 g - a scroll of silence
 h - a scroll of brand weapon {unknown}
 i - a scroll of vulnerability
 l - 3 scrolls of enchant armour
 q - a scroll of fog
 u - 3 scrolls of amnesia
Potions
 j - a potion of invisibility
 k - a potion of brilliance
 m - a potion of haste {unknown}
 p - 2 potions of degeneration


   Skills:
 + Level 6.7 Fighting
 + Level 6.7 Axes
 - Level 3.2 Armour
 - Level 4.0 Shields


You had 7 spell levels left.
You didn't know any spells.
Your spell library contained the following spells:

 Spells                   Type           Power      Damage    Failure   Level
 Necrotise                Necr           0%         1d4       65%         1
 Ensorcelled Hibernation  Hex/Ice        0%         N/A       78%         2
 Fugue of the Fallen      Necr           0%         N/A       95%         3
 Vampiric Draining        Necr           0%         2d6       95%         3
 Anguish                  Hex/Necr       0%         N/A       100%        4
 Martyr's Knell           Necr/Summ      0%         N/A       100%        4
 Curse of Agony           Necr           0%         N/A       100%        5
 Haunt                    Necr/Summ      0%         N/A       100%        7
 Borgnjor's Revivificati  Necr           0%         N/A       100%        8
 Death's Door             Necr           0%         N/A       100%        9


Dungeon Overview and Level Annotations

Branches:
Dungeon (5/15)
 Temple: D:4-7

Altars:
Ashenzari
Elyvilon
Fedhas
Hepliaklqana
Nemelex Xobeh
Wu Jian


Innate Abilities, Weirdness & Mutations

You cannot be hasted, slowed, berserked, paralysed or teleported.
You can dig through walls and to a lower floor.
You have a pair of large antennae on your head. (SInv)
Your four strong arms can wield two-handed weapons with a shield.


Message History

You barely miss the quokka. You block the quokka's attack.
You hit the komodo dragon.
The komodo dragon is lightly wounded.
You block the komodo dragon's attack.
Unknown command.
You slash the komodo dragon!
The komodo dragon is heavily wounded.
The iguana hisses menacingly.
The komodo dragon bites you!
You hit the komodo dragon but do no damage.
The komodo dragon is heavily wounded.
The komodo dragon bites you!
You hit the komodo dragon.
The komodo dragon is heavily wounded.
The komodo dragon bites you!
Unknown command.
You hit the komodo dragon.
The komodo dragon is heavily wounded.
The komodo dragon bites you.
You slash the komodo dragon!
The komodo dragon is severely wounded.
The komodo dragon barely misses you. The komodo dragon bites you!
You barely miss the komodo dragon.
The komodo dragon is severely wounded.
The komodo dragon bites you but does no damage.
You barely miss the komodo dragon.
The komodo dragon is severely wounded.
The komodo dragon barely misses you.
You hit the komodo dragon.
The komodo dragon is severely wounded.
Aiming: Mindburst
Press: ? - help, Q - select action, (/) - cycle Shift-Dir - straight line, f - two-headed ogre
Aim: a two-headed ogre, wielding two +0 giant spiked clubs (chance to affect: 47%)
The two-headed ogre resists with some effort.
The komodo dragon bites you.
* * * LOW HITPOINT WARNING * * *
The two-headed ogre hits you with a +0 giant spiked club!!
* * * LOW HITPOINT WARNING * * *
The two-headed ogre hits you with a +0 giant spiked club!!
You die...

#....)..##'#?!$#†##......#####
#.....###..#...#..###..#......
#.)..##{#)†#...#..#{##.#.#####
#....+ #..#...#..# +.#.# #.
#....##{#..#...#..#{##...####.
####.....###..#...#..###.........
..##.......####lor####...##..###.
#.##...#......##O##....## #..#...
#.##...#..).#..l@....######..###.
#<....<#..)....#.)......|........
####...##.##.#...#.##############
#....###.##.#.###.#
#.#....#.##.#. #.#
##.#..#.#.##.#####.#
...#......##.......#
####...........# ###
#...#.#####.#


You could see a two-headed ogre, a komodo dragon, an iguana, an orc and a
quokka.

Vanquished Creatures
  Duvessa (D:5)
  An ogre (D:5)
  A phantom (D:4)
  2 scorpions (D:5)
  Dowan (D:5)
  A bombardier beetle (D:4)
  A hound (D:4)
  2 orc priests (D:3)
  3 iguanas
  5 gnolls
  2 adders (D:3)
  A white imp (D:5)
  A ribbon worm (D:3)
  2 dart slugs (D:1)
  8 orcs
  6 ball pythons
  5 bats
  4 endoplasms
  2 giant cockroaches
  3 hobgoblins
  3 jackals (D:4)
  8 quokkas
  A frilled lizard (D:1)
  3 goblins
  5 kobolds
  A rat (D:1)
73 creatures vanquished.

Notes
Turn   | Place    | Note
-------+----------+-------------------------------------------
     0 | D:1      | lonewolfV2 the Formicid Fighter began the quest for the
                  | Orb.
     0 | D:1      | Reached XP level 1. HP: 18/18 MP: 1/1
    72 | D:1      | Reached XP level 2. HP: 24/24 MP: 2/2
   298 | D:1      | Found a faded altar of an unknown god.
   593 | D:1      | Reached XP level 3. HP: 30/30 MP: 3/3
  1941 | D:3      | Reached XP level 4. HP: 37/37 MP: 4/4
  2031 | D:3      | Found a broken altar of Ashenzari.
  2375 | D:3      | Reached XP level 5. HP: 19/43 MP: 0/5
  2637 | D:3      | Found a hazy altar of Hepliaklqana.
  2639 | D:3      | Found a white marble altar of Elyvilon.
  2639 | D:3      | Found an ornate altar of the Wu Jian Council.
  2644 | D:3      | Found a blossoming altar of Fedhas.
  3239 | D:4      | Reached XP level 6. HP: 21/49 MP: 2/6
  3243 | D:4      | Reached skill level 5 in Axes
  3377 | D:4      | Reached skill level 5 in Fighting
  3418 | D:4      | Found a sparkling altar of Nemelex Xobeh.
  3820 | D:4      | Reached XP level 7. HP: 49/56 MP: 7/7
  4095 | D:5      | Entered Level 5 of the Dungeon
  4207 | D:5      | Noticed Dowan
  4208 | D:5      | Noticed Duvessa
  4218 | D:5      | Killed Dowan
  4225 | D:5      | Killed Duvessa
  4657 | D:5      | Reached XP level 8. HP: 65/65 MP: 8/8
  4729 | D:5      | Noticed a komodo dragon
  4729 | D:5      | Noticed a two-headed ogre
  4744 | D:5      | HP: 1/65 [two-headed ogre/+0 giant spiked club (16)]
  4744 | D:5      | Annihilated by a two-headed ogre

Illustrated notes

Levels and vault maps discovered:
D:1:      saegor_arrival_simple_e, layout_loops_ring,
          dilly_ecumenical_altar_fadedgnrine, grunt_decor_arrowhead
D:2:      layout_basic, kennysheep_generic_room_13
D:3:      layout_loops_ring, nicolae_ashenzari_panopticon, minitemple,
          kennysheep_generic_room_4
D:4:      layout_basic, nemelex_xobeh_ov_fountains_minmay
D:5:      layout_basic, gammafunk_ghost_gnarly_gnolls,
          hangedman_decor_peaks_small, minmay_divided_ellipse, uniq_duvessa

Skill      XL: |  1  2  3  4  5  6  7 |
---------------+----------------------+-----
Axes           | 3 4 5 6 |  6.7
Fighting       | 4 5 6 |  6.7
Armour         | |  3.2
Shields        | |  4.0

Action                     |  1- 3 |  4- 6 |  7- 9 || total
---------------------------+-------+-------+-------++-------
  Melee: War axe           |    65 |   163 |    40 ||   268
  Evoke: Wand              |       |       |     1 ||     1
    Use: Scroll            |     7 |     3 |     2 ||    12
         Potion            |       |     1 |     2 ||     3
 Armour: Scale mail        |    50 |   135 |    18 ||   203
         Ring mail         |       |       |    27 ||    27
  Dodge: Dodged            |    41 |    68 |    13 ||   122
  Block: Buckler           |    26 |    42 |     9 ||    77
